 Dungeon Crawl Stone Soup version 0.30.0-11-gf55b779eaf (webtiles) character file.

Game seed: 2819680565114164078

13800 Darkkill the Fighter (level 11, 0/104 HPs)
             Began as a Minotaur Hunter on May 16, 2023.
             Was an Initiate of Gozag.
             Slain by a six-headed hydra (9 damage)
             ... on level 2 of the Lair of Beasts.
             The game lasted 00:23:20 (13046 turns).

Darkkill the Fighter (Minotaur Hunter)             Turns: 13046, Time: 00:23:20

Health: 0/104      AC: 12    Str: 15    XL:     11   Next: 80%
Magic:  10/10      EV: 18    Int:  6    God:    Gozag
Gold:   538        SH:  0    Dex: 19    Spells: 10/10 levels left

rFire   . . .        B - +0 arbalest
rCold   . . .        (shield currently unavailable)
rNeg    . . .        c - +2 leather armour
rPois   .            (helmet restricted)
rElec   .            (no cloak)
rCorr   .            t - +2 pair of gloves
SInv    .            (no boots)
Will    .....        y - amulet of regeneration
Stlth   ++++         i - +4 ring of protection
HPRegen 1.17/turn    (no ring)
MPRegen 0.12/turn

%: no passive effects
@: no status effects
A: horns 2, retaliatory headbutt
a: Renounce Religion, Potion Petition, Call Merchant, Bribe Branch


You were on level 2 of the Lair of Beasts.
You worshipped Gozag.
Gozag was pleased with you.
You visited 3 branches of the dungeon, and saw 13 of its levels.
You also visited: Bailey.

You collected 2867 gold pieces.
You spent 408 gold pieces at shops.
You paid 1921 gold pieces to Gozag.

Inventory:

Hand Weapons
 a - a +0 arbalest
 B - a +0 arbalest (weapon)
 D - a +0 arbalest
 E - a +0 arbalest
Missiles
 d - 108 stones
 l - 3 curare-tipped darts {=f !f}
 q - 15 poisoned darts
 x - a boomerang
Armour
 c - a +2 leather armour (worn)
 t - a +2 pair of gloves (worn)
Jewellery
 i - a +4 ring of protection (left hand)
 u - a ring of magical power
 y - an amulet of regeneration (around neck)
Wands
 v - a wand of flame (32)
 A - a wand of iceblast (3)
 G - a wand of paralysis (2)
Scrolls
 b - 2 scrolls of immolation
 e - 3 scrolls of amnesia
 r - a scroll of teleportation
 z - a scroll of fog
Potions
 g - 5 potions of ambrosia
 h - a potion of resistance
 j - a potion of lignification
 k - 2 potions of brilliance
 m - 3 potions of flight
 n - 6 potions of attraction
 o - a potion of berserk rage
 p - 3 potions of might
 s - 2 potions of magic
 w - a potion of mutation
 C - a potion of haste


   Skills:
 + Level 11.7 Fighting
 + Level 11.5 Ranged Weapons
 + Level 10.8 Dodging
 + Level 8.9 Stealth


You had 10 spell levels left.
You didn't know any spells.
Your spell library contained the following spells:

 Spells                   Type           Power      Damage    Failure   Level
 Beastly Appendage        Tmut           0%         N/A       52%         1
 Magic Dart               Conj           0%         1d3       52%         1
 Cigotuvi's Dreadful Rot  Necr/Pois/Air  0%         N/A       67%         2
 Ensorcelled Hibernation  Hex/Ice        0%         N/A       67%         2
 Searing Ray              Conj           0%         2d4       67%         2
 Wereblood                Tmut           0%         N/A       67%         2
 Ignite Poison            Fire/Tmut/Pois 0%         N/A       88%         3
 Spider Form              Tmut/Pois      0%         N/A       88%         3
 Anguish                  Hex/Necr       0%         N/A       99%         4
 Fulminant Prism          Conj/Hex       0%         3d5       99%         4
 Freezing Cloud           Conj/Ice/Air   0%         6-21      100%        5


Dungeon Overview and Level Annotations

Branches:
Dungeon (10/15)            Temple (0/1) D:5            Lair (2/5) D:10
    Orc (1/2) D:9          Bailey (visited)
  Swamp: Lair:2-3    Shoals: Lair:2-3     Snake: Lair:2-3    Spider: Lair:2-3

Altars:
Cheibriados
Dithmenos
Gozag
Hepliaklqana
Kikubaaqudgha
Nemelex Xobeh
Okawaru
Qazlal
Sif Muna
Vehumet
The Shining One

Shops:
D:2 :   D:5 *=   D:7 !   D:10 (

Annotations:
D:5 1 runed translucent door, Crazy Yiuf
Orc:1 Urug


Innate Abilities, Weirdness & Mutations

You have a pair of horns on your head.
You reflexively headbutt those who attack you in melee.


Message History

You shoot a bolt. The bolt hits the komodo dragon!
The komodo dragon hisses angrily.
The komodo dragon is moderately wounded.
A komodo dragon is nearby!
You shoot a bolt.
The bolt hits the komodo dragon but does no damage.
The komodo dragon is moderately wounded.
A komodo dragon is nearby!
You shoot a bolt. The bolt hits the komodo dragon!
The komodo dragon is heavily wounded.
A komodo dragon is nearby!
You shoot a bolt. The bolt hits the komodo dragon!
The komodo dragon is severely wounded.
A komodo dragon is nearby!
You shoot a bolt.
The bolt barely misses the komodo dragon.
The komodo dragon bites you!
You shoot a bolt. The bolt hits the komodo dragon!
You kill the komodo dragon!
No target in view!
You now have 538 gold pieces (gained 15).
A six-headed hydra comes into view.
A six-headed hydra is nearby!
You shoot a bolt. The six-headed hydra roars!
The bolt hits the six-headed hydra.
The six-headed hydra is lightly wounded.
A six-headed hydra is nearby!
You shoot a bolt. The bolt hits the six-headed hydra!!
The six-headed hydra is moderately wounded.
A six-headed hydra is nearby!
You shoot a bolt. The bolt hits the six-headed hydra!
The six-headed hydra is heavily wounded.
You shoot a bolt. The bolt hits the six-headed hydra!!
The six-headed hydra is severely wounded.
A water moccasin comes into view.
There are monsters nearby!
You shoot a bolt. The water moccasin hisses angrily.
The bolt hits the six-headed hydra.
The six-headed hydra is severely wounded.
The six-headed hydra completely misses you.
The six-headed hydra bites you!
The six-headed hydra completely misses you.
The six-headed hydra bites you! The six-headed hydra barely misses you.
The six-headed hydra bites you.
The six-headed hydra completely misses you.
The six-headed hydra closely misses you.
The six-headed hydra bites you.
The six-headed hydra bites you but does no damage.
The six-headed hydra closely misses you.
The six-headed hydra bites you!
There are monsters nearby!
You are too injured to fight recklessly!
You are too injured to fight recklessly!
You are too injured to fight recklessly!
The water moccasin bites the plant!
The plant begins to die.
You shoot a bolt.
The bolt hits the six-headed hydra but does no damage.
The six-headed hydra is severely wounded.
The six-headed hydra bites you. The six-headed hydra misses you.
The six-headed hydra completely misses you.
The six-headed hydra misses you.
The six-headed hydra bites you but does no damage.
The six-headed hydra bites you!
You shoot a bolt.
The bolt barely misses the six-headed hydra.
The water moccasin misses you. You furiously retaliate!
You headbutt the water moccasin! The six-headed hydra bites you.
The six-headed hydra barely misses you.
The six-headed hydra completely misses you.
The six-headed hydra closely misses you.
The six-headed hydra bites you but does no damage. x2
The water moccasin misses you. The six-headed hydra bites you.
The six-headed hydra bites you but does no damage. x2
The six-headed hydra bites you!
* * * LOW HITPOINT WARNING * * *
The six-headed hydra closely misses you.
The six-headed hydra bites you!
* * * LOW HITPOINT WARNING * * *
You shoot a bolt. The bolt hits the six-headed hydra!
The six-headed hydra is almost dead.
A nearby plant withers and dies.
The water moccasin misses you. You furiously retaliate!
You headbutt the water moccasin! The six-headed hydra barely misses you.
The six-headed hydra closely misses you.
The six-headed hydra bites you!
* * * LOW HITPOINT WARNING * * *
The six-headed hydra barely misses you.
The six-headed hydra bites you but does no damage.
The six-headed hydra bites you.
* * * LOW HITPOINT WARNING * * *
The water moccasin closely misses you.
Aiming: Paralyse
Press: ? - help, Q - select action, (/) - cycle Shift-Dir - straight line, f/p - six-headed hydra
Aim: a six-headed hydra (almost dead, chance to affect: 17%)
The six-headed hydra resists with almost no effort.
The water moccasin misses you. The six-headed hydra bites you!
You die...
Your body crumbles into a pile of gold.

#.## #..# ## #####..#
#####..#
..P#P#.#..####.#P.#.####
........................
#.#P..#.####.#..#.......
####..# ######.......
#..# #........ #P.#
#P....... ##@##
##....... #DS# ##)......
#.## #........ #..
##....... #..#
P###....... ....
............ #..##
....P#.#..## .#.#
##...##.#.## . .. ##.P
###..#


You could see a six-headed hydra and a water moccasin.

Vanquished Creatures
  Erica (D:8)
  A catoblepas (Lair:1)
  Pikel (D:7)
  4 elephants (Lair:1)
  2 cane toads (Lair:1)
  3 komodo dragons
  A troll (D:9)
  4 blink frogs (Lair:1)
  A shadow (D:10)
  2 wyverns
  14 yaks
  3 wraiths (D:10)
  3 steam dragons
  4 water moccasins
  Duvessa (D:7)
  2 sky beasts
  A black bear (D:5)
  12 orc warriors
  3 ogres (D:6)
  4 centaurs
  3 lemures (D:7)
  10 bullfrogs
  3 gnoll sergeants
  A scorpion (D:6)
  5 killer bees (D:7)
  Dowan (D:7)
  An oklob sapling (D:5)
  5 howler monkeys
  A jelly (D:5)
  6 hounds
  4 orc priests
  2 gnoll boudas
  5 iguanas
  A sleepcap (D:5)
  Jessica (D:3)
  Natasha (twice) (D:3)
  7 orc wizards
  7 hell rats (Lair:1)
  9 adders
  21 gnolls
  A shadow imp (D:8)
  3 ufetubi
  3 worms
  3 dart slugs
  46 orcs
  5 endoplasms
  A giant cockroach (D:1)
  19 goblins
  7 hobgoblins
  3 jackals (D:2)
  3 quokkas (D:1)
  11 ball pythons
  4 bats
  7 frilled lizards
  7 kobolds
  5 rats
290 creatures vanquished.

Notes
Turn   | Place    | Note
-------+----------+-------------------------------------------
     0 | D:1      | Darkkill the Minotaur Hunter began the quest for the Orb.
     0 | D:1      | Reached XP level 1. HP: 18/18 MP: 0/0
   130 | D:1      | Reached skill level 1 in Stealth
   165 | D:1      | Reached XP level 2. HP: 25/25 MP: 1/1
   371 | D:1      | Found a faded altar of an unknown god.
   386 | D:1      | Prayed at the altar of an unknown god.
   386 | D:1      | Became a worshipper of Gozag Ym Sagoz the Greedy
   404 | D:1      | Reached XP level 3. HP: 28/30 MP: 2/2
  1167 | D:2      | Found Vomeil's Book Emporium.
  1636 | D:2      | Reached XP level 4. HP: 38/38 MP: 3/3
  1637 | D:2      | Reached skill level 5 in Ranged Weapons
  2203 | D:3      | Noticed Natasha
  2210 | D:3      | Killed Natasha
  2420 | D:3      | Noticed Jessica
  2424 | D:3      | Killed Jessica
  2425 | D:3      | Reached XP level 5. HP: 33/46 MP: 4/4
  2512 | D:3      | Found a shimmering blue altar of Sif Muna.
  2562 | D:3      | Noticed Natasha
  2566 | D:3      | Killed Natasha
  2861 | D:4      | Reached XP level 6. HP: 52/52 MP: 5/5
  2945 | D:4      | HP: 8/53 [something/magic dart (6)]
  2951 | D:4      | HP: 9/53 [goblin/+0 club (1)]
  3521 | D:5      | Entered Level 5 of the Dungeon
  3552 | D:5      | HP: 9/55 [orc/+0 hand axe (4)]
  3744 | D:5      | Reached XP level 7. HP: 50/60 MP: 6/6
  3793 | D:5      | Reached skill level 5 in Fighting
  3992 | D:5      | Reached skill level 5 in Dodging
  4021 | D:5      | Found Vusyom's Jewellery Shop.
  4046 | D:5      | Bought a crude leather armour for 154 gold pieces
  4046 | D:5      | Identified the +0 leather armour of the Dungeon {rF++} (You
                  | bought it in a shop on level 5 of the Dungeon)
  4047 | D:5      | Bought a scroll labelled QULOFU ENTOPP for 22 gold pieces
  4047 | D:5      | Bought a scroll labelled WYALONA SIXKULOXOU for 22 gold
                  | pieces
  4355 | D:5      | Found a staircase to the Ecumenical Temple.
  5447 | D:5      | Found a runed translucent door.
  5448 | D:5      | Noticed Crazy Yiuf
  5556 | D:6      | Reached XP level 8. HP: 59/70 MP: 7/7
  5999 | D:6      | Found a sparkling altar of Nemelex Xobeh.
  6397 | D:7      | Noticed Dowan
  6399 | D:7      | Noticed Duvessa
  6418 | D:7      | Killed Duvessa
  6419 | D:7      | Reached skill level 5 in Stealth
  6434 | D:7      | Killed Dowan
  6610 | D:7      | Found a shadowy altar of Dithmenos.
  6614 | D:7      | Noticed Pikel
  6656 | D:7      | Reached XP level 9. HP: 32/79 MP: 8/8
  7037 | D:7      | Found Jimnuh's Distillery.
  7388 | D:7      | Bought a potion of curing for 45 gold pieces
  7388 | D:7      | Bought 2 potions of curing for 90 gold pieces
  7388 | D:7      | Bought a potion of heal wounds for 75 gold pieces
  7714 | D:7      | Killed Pikel
  7847 | D:7      | Found a snail-covered altar of Cheibriados.
  7886 | D:7      | Found a radiant altar of Vehumet.
  8105 | D:8      | Reached XP level 10. HP: 47/90 MP: 9/9
  8369 | D:8      | Found an iron altar of Okawaru.
  8631 | D:8      | Noticed Erica
  8649 | D:8      | Killed Erica
  9301 | D:9      | Found a staircase to the Orcish Mines.
  9304 | D:9      | Found a glowing golden altar of the Shining One.
  9309 | D:9      | Found a stormy altar of Qazlal.
  9310 | D:9      | Found an opulent altar of Gozag.
  9367 | D:9      | Found a flagged portal.
  9379 | Bailey   | Entered a bailey
  9840 | Bailey   | Noticed an orc knight
 10137 | D:9      | Reached skill level 10 in Ranged Weapons
 10150 | D:9      | Reached skill level 10 in Fighting
 10162 | D:9      | HP: 18/93 [orc warrior/+2 glaive of freezing (3)]
 10344 | D:9      | Found an ancient bone altar of Kikubaaqudgha.
 11209 | Orc:1    | Entered Level 1 of the Orcish Mines
 11210 | Orc:1    | Noticed Urug
 11235 | D:10     | Entered Level 10 of the Dungeon
 11257 | D:10     | Reached XP level 11. HP: 101/101 MP: 10/10
 11357 | D:10     | Found a hazy altar of Hepliaklqana.
 11471 | D:10     | Found a staircase to the Lair.
 11789 | Lair:1   | Entered Level 1 of the Lair of Beasts
 11831 | Lair:1   | Noticed a catoblepas
 11843 | Lair:1   | Killed a catoblepas
 11844 | Lair:1   | Reached skill level 10 in Dodging
 12185 | Lair:1   | HP: 18/102 [elephant (10)]
 12185 | Lair:1   | HP: 7/102 [elephant (11)]
 12766 | Lair:2   | Noticed a skyshark
 12789 | Lair:1   | HP: 16/102 [skyshark (17)]
 13036 | Lair:2   | Noticed a six-headed hydra
 13044 | Lair:2   | HP: 20/104 [six-headed hydra (10)]
 13045 | Lair:2   | HP: 8/104 [six-headed hydra (4)]
 13046 | Lair:2   | Slain by a six-headed hydra

Illustrated notes

Levels and vault maps discovered:
D:1:      heliophobic_arrival_henge, layout_loops_ring,
          dreamdust_ecumenical_altar_statues
D:2:      layout_basic, serial_shops, nicolae_shop_back_alley_shop,
          roderic_lattice_a
D:3:      kennysheep_big_flooded_room, layout_rooms, general_overflow_altar,
          uniq_jessica, uniq_natasha
D:4:      layout_rooms
D:5:      layout_loops_ring, minmay_temple_entry_oklob,
          minmay_shop_enchanted_jewellery, minivault_5, uniq_crazy_yiuf_cottage
D:6:      layout_gridville, nemelex_diamond_rough_becter
D:7:      layout_rooms, lemuel_coloured_pillars_altar, cheibriados_altar_1,
          mainiacjoe_overflow_catwalk, serial_shops, shop, uniq_pikel,
          uniq_duvessa
D:8:      layout_basic, okawaru_ov_weapons_minmay, uniq_erica
D:9:      layout_cave_pods, nicolae_overflow_hidden_temple,
          chequers_temple_overflow_statue_of_worship, david_orc_2,
          enter_bailey_5, corexii_hall_statues_s, minmay_misc_feat_room,
          nicolae_figureground_sparkle
D:10:     layout_rooms, mainiacjoe_overflow_chevrons, lair_entry_dummy
Lair:1:   layout_cellular_growth, grunt_megastairs_3
Lair:2:   layout_small_grid, minmay_swamp_entry_reptiles, grunt_megastairs_5
Orc:1:    layout_caves, serial_shops, nicolae_shop_overgrown_old_shop, shop,
          shop, nicolae_diamond_shop, basic_altar, mines1_david, uniq_urug,
          uniq_snorg

Skill      XL: |  1  2  3  4  5  6  7  8  9 10 11 |
---------------+----------------------------------+-----
Stealth        | 1 2 3 4 5 6 7 8 |  8.9
Fighting       | 3 4 6 7 8 10 11 | 11.7
Dodging        | 3 4 5 6 8 9 10 | 10.8
Ranged Weapons | 5 6 7 9 10 11 | 11.5

Action                     |  1- 3 |  4- 6 |  7- 9 | 10-12 || total
---------------------------+-------+-------+-------+-------++-------
  Melee: Shortbow          |       |     2 |       |       ||     2
         Headbutt          |       |     1 |       |       ||     1
   Fire: Shortbow          |   132 |   179 |   414 |    79 ||   804
         Arbalest          |       |       |       |   366 ||   366
 Invoke: Call Merchant     |       |       |     1 |     1 ||     2
         Potion Petition   |       |       |       |     2 ||     2
  Evoke: Wand              |       |     4 |     4 |     3 ||    11
    Use: Scroll            |     2 |    12 |     9 |    12 ||    35
         Potion            |       |     2 |     1 |     7 ||    10
 Armour: Leather armour    |    13 |    17 |    84 |   114 ||   228
  Dodge: Dodged            |    39 |    57 |   211 |   355 ||   662

Levels and vault maps discovered:
D:1:      heliophobic_arrival_henge, layout_loops_ring,
          dreamdust_ecumenical_altar_statues
D:2:      layout_basic, serial_shops, nicolae_shop_back_alley_shop,
          roderic_lattice_a
D:3:      kennysheep_big_flooded_room, layout_rooms, general_overflow_altar,
          uniq_jessica, uniq_natasha
D:4:      layout_rooms
D:5:      layout_loops_ring, minmay_temple_entry_oklob,
          minmay_shop_enchanted_jewellery, minivault_5, uniq_crazy_yiuf_cottage
D:6:      layout_gridville, nemelex_diamond_rough_becter
D:7:      layout_rooms, lemuel_coloured_pillars_altar, cheibriados_altar_1,
          mainiacjoe_overflow_catwalk, serial_shops, shop, uniq_pikel,
          uniq_duvessa
D:8:      layout_basic, okawaru_ov_weapons_minmay, uniq_erica
D:9:      layout_cave_pods, nicolae_overflow_hidden_temple,
          chequers_temple_overflow_statue_of_worship, david_orc_2,
          enter_bailey_5, corexii_hall_statues_s, minmay_misc_feat_room,
          nicolae_figureground_sparkle
D:10:     layout_rooms, mainiacjoe_overflow_chevrons, lair_entry_dummy
Lair:1:   layout_cellular_growth, grunt_megastairs_3
Lair:2:   layout_small_grid, minmay_swamp_entry_reptiles, grunt_megastairs_5
Orc:1:    layout_caves, serial_shops, nicolae_shop_overgrown_old_shop, shop,
          shop, nicolae_diamond_shop, basic_altar, mines1_david, uniq_urug,
          uniq_snorg

Table legend: (Time is in decaauts)
 A = Elapsed time spent in this place.
 B = Non-inter-level travel time spent in this place.
 C = Inter-level travel time spent in this place.
 D = Time resting spent in this place.
 E = Time spent auto-exploring this place.
 F = Levels seen in this place.
 G = Mean time per level.
                   A        B        C        D        E       F      G
               +--------+--------+--------+--------+--------+-----+--------+
         Total |  13386 |  12483 |    903 |    577 |   9407 |  14 |  956.1 |
       Dungeon |  11475 |  10599 |    876 |    304 |   8411 |  10 | 1147.5 |
          Lair |   1310 |   1283 |     27 |     82 |    910 |   2 |  655.0 |
  Orcish Mines |      3 |      3 |      0 |      0 |      0 |   1 |    3.0 |
        Bailey |    598 |    598 |      0 |    191 |     86 |   1 |  598.0 |
               +--------+--------+--------+--------+--------+-----+--------+

Top non-repeatable levels by time:
     D:5: 2051 daAuts
     D:7: 1609 daAuts
     D:9: 1413 daAuts
     D:8: 1347 daAuts
     D:2: 1343 daAuts
  Lair:1: 1139 daAuts
     D:4: 884 daAuts
     D:6: 840 daAuts
     D:1: 784 daAuts
     D:3: 605 daAuts
  Bailey: 598 daAuts
    D:10: 594 daAuts
  Lair:2: 171 daAuts
   Orc:1: 3 daAuts

Table legend:
 A = Kills in this place as a percentage of kills in the entire game.
 B = Kills by you in this place as a percentage of kills by you in the entire game.
 C = Kills by friends in this place as a percentage of kills by friends in the entire game.
 D = Other kills in this place as a percentage of other kills in the entire game.
 E = Experience gained in this place as a percentage of experience gained in the entire game.
 F = Experience gained in this place divided by the number of levels of this place that you have seen.
                   A       B       C       D       E      F
               +-------+-------+-------+-------+-------+----------------------
         Total | 100.0 | 100.0 |   N/A |   N/A | 100.0 | 1408.2
       Dungeon |  82.9 |  82.9 |   N/A |   N/A |  58.7 | 1157.1
          Lair |  10.1 |  10.1 |   N/A |   N/A |  35.1 | 3463.0
        Bailey |   7.0 |   7.0 |   N/A |   N/A |   6.2 | 1218.0
               +-------+-------+-------+-------+-------+----------------------
